 Dungeon Sprint DCSS version 0.29.1-2-gbd0b4ee654 (webtiles) character file.

Game seed: 16390749700982991905

9717 Zeld the Severer (level 11, -11/113 HPs)
             Began as a Minotaur Berserker on Nov 2, 2022.
             Was a High Priest of Trog.
             Shot with an arrow by a deep elf master archer (14 damage)
             ... in the Dungeon (Sprint II: "The Violet Keep of Menkaure").
             The game lasted 00:07:47 (3334 turns).

Zeld the Severer (Minotaur Berserker)               Turns: 3334, Time: 00:07:47

Health: -11/113    AC: 20    Str: 25    XL:     11   Next: 26%
Magic:  10/10      EV: 12    Int:  4    God:    Trog [*****.]
Gold:   342        SH:  0    Dex: 11    Spells: 10/10 levels left

rFire   + . .      SeeInvis .   a - +5 battleaxe of the Hills {vorpal, rF+}
rCold   . . .      Faith    .   (shield currently unavailable)
rNeg    . . .      Spirit   .   b - +0 plate armour
rPois   +          Reflect  .   (helmet restricted)
rElec   .          Harm     .   (no cloak)
rCorr   .          Rampage  .   j - +0 pair of gloves
Will    .....      NoTele   +   q - +0 pair of boots
Stlth   ..........              (no amulet)
HPRegen 0.28/turn               i - ring of poison resistance
MPRegen 0.12/turn               (no ring)

@: flying
A: horns 2, retaliatory headbutt
a: Renounce Religion, Berserk, Trog's Hand, Brothers in Arms


You were in the Dungeon.
You worshipped Trog.
Trog was extremely pleased with you.
You visited 1 branch You collected 1775 gold pieces.
You spent 1433 gold pieces at shops.

Inventory:

Hand Weapons
 a - the +5 battleaxe of the Hills (weapon) {vorpal, rF+}
   (Trog gifted it to you in the Dungeon)

   It inflicts extra damage upon your enemies.
   rF:        It protects you from fire.
Armour
 b - a +0 plate armour (worn)
 j - a +0 pair of gloves (worn)
 q - a +0 pair of boots (worn)
Jewellery
 i - a ring of poison resistance (left hand)
Wands
 y - a wand of flame (11)
Scrolls
 h - a scroll of blinking
 k - 3 scrolls of enchant armour
 l - 2 scrolls of identify
 p - a scroll of brand weapon
 x - a scroll of poison
 z - a scroll of enchant weapon
Potions
 c - 5 potions of curing
 d - 2 potions of heal wounds
 e - 5 potions of haste
 f - 6 potions of magic
 g - a potion of berserk rage
 m - 9 potions of flight
 n - 2 potions of attraction {unknown}
 o - 3 potions of might {unknown}
 u - 4 potions of resistance
 v - a potion of degeneration {unknown}
 w - a potion of cancellation


   Skills:
 + Level 15.4 Fighting
 * Level 20.8 Axes
 + Level 15.2 Armour
 + Level 14.0 Dodging


You had 10 spell levels left.
You didn't know any spells.
Your spell library was empty.

Dungeon Overview and Level Annotations

Branches:
Dungeon (1/1)

Altars:
Cheibriados
Dithmenos
Elyvilon
Fedhas
Gozag
Hepliaklqana
Kikubaaqudgha
Makhleb
Nemelex Xobeh
Okawaru
Qazlal
Ru
Sif Muna
Trog
Uskayaw
Vehumet
Wu Jian
Xom
Yredelemnul
Zin
The Shining One
Jiyva
Lugonu

Shops:
D =:[*!=[(:[[![(?

Annotations:
D exclusions: ice statue and oklob plant


Innate Abilities, Weirdness & Mutations

You have a pair of horns on your head.
You reflexively headbutt those who attack you in melee.


Message History

You start waiting.
You feel yourself speed up.
Autopickup disabled for rings of dexterity.
You drop a +6 ring of dexterity.
You now have 342 gold pieces (gained 81).
You start waiting.
You recover from your berserk rage.
You start waiting.
You open the door.
There is an open door here.
The deep elf master archer shouts!
The deep elf master archer shoots an arrow.
The arrow hits you!
The deep elf master archer shoots an arrow.
The arrow hits you!
The deep elf master archer shoots an arrow.
The arrow hits you!
The deep elf master archer shoots an arrow.
The arrow closely misses you.
You start resting.
You start resting.
HP restored.
You feel very buoyant.
You fly up into the air.
The deep elf master archer shouts!
The deep elf master archer shoots an arrow.
The arrow hits you!!
The deep elf master archer shoots an arrow.
The arrow hits you!!
The deep elf master archer shoots an arrow.
The arrow hits you!!
The deep elf master archer shoots an arrow.
The arrow hits you!!
* * * LOW HITPOINT WARNING * * *
The deep elf master archer shoots an arrow.
The arrow hits you!!
* * * LOW HITPOINT WARNING * * *
The deep elf master archer shoots an arrow.
The arrow hits you!
You die...

************** *,,,,* ***********
,,*∩∩,∩∩+,+,,***,,,,***,,,,,+,,,+
,,*******,****,,,,,,,,*,,,,,*,,,*
+**,,****+****,,,,,,,,*,,,,,*,▓▓▓
,,+,**≈≈≈≈≈≈≈**⌠,,,,*+***,,,*,..▓
,,***~~≈≈≈≈≈~~**,,,,*,,*▓▓+▓▓▓▓.▓
*,,+~~~≈≈8≈≈~~~##++##,,,+...▓0..▓
,***#~~~≈≈≈~~~##§...###,#°..▓▓▓▓▓
,,,~##~~≈≈≈~~*#e@...^.###○.°▓≈§≈≈
###~~#+++#+++#####....#.##=[▓▓▓▓▓
##~~~.........#,,+..^.#..#}}▓....
.#~~~~.##+##,,*,,####.#..#}|▓.:..
.#~~~~##.#.##.####=.'.##.#):▓[):.
.#~~~~#†##..#,...#..#...####▓(.(=
.#~~#####..####..#####..##.#▓....
.#~##.###'###.##..#..†..#..#▓..(.
.#~#.).##.###..#..#[(#.^#".#▓:[.)


You could see a deep elf master archer.

Vanquished Creatures
  2 sphinxes (D)
  A kraken (D)
  A crystal guardian (D)
  An ice dragon (D)
  2 death drakes (D)
  2 deep trolls (D)
  A merfolk siren (D)
  2 unseen horrors (D)
  A yaktaur (D)
  3 polar bears (D)
  A hornet (D)
  A blink frog (D)
  2 wyverns (D)
  Menkaure (D)
  4 water moccasins (D)
  2 swamp drakes (D)
  4 scorpions (D)
  3 worms (D)
  2 tentacles (D)
36 creatures vanquished.

Vanquished Creatures (others)
  A water moccasin (D)
  12 tentacles (D)
13 creatures vanquished.

Grand Total: 49 creatures vanquished

Notes
Turn   | Place    | Note
-------+----------+-------------------------------------------
     0 | D        | Zeld the Minotaur Berserker began the quest for the Orb.
     0 | D        | Reached XP level 1. HP: 19/19 MP: 0/0
     9 | D        | Reached skill level 4 in Axes
    55 | D        | Killed a water moccasin
   145 | D        | Noticed an ice statue
   150 | D        | Reached ** piety under Trog
   151 | D        | Reached XP level 2. HP: 26/27 MP: 1/1
   175 | D        | Noticed a scorpion
   175 | D        | Noticed a scorpion
   177 | D        | Killed a scorpion
   178 | D        | Reached skill level 5 in Fighting
   178 | D        | Reached skill level 7 in Axes
   178 | D        | Reached XP level 3. HP: 36/36 MP: 2/2
   178 | D        | Reached XP level 4. HP: 42/42 MP: 3/3
   183 | D        | Killed a scorpion
   184 | D        | Reached skill level 8 in Axes
   184 | D        | Reached skill level 5 in Armour
   184 | D        | Reached skill level 5 in Dodging
   184 | D        | Noticed a scorpion
   184 | D        | Noticed a scorpion
   185 | D        | Killed a scorpion
   186 | D        | Reached skill level 9 in Axes
   186 | D        | Reached XP level 5. HP: 52/52 MP: 4/4
   190 | D        | Reached *** piety under Trog
   213 | D        | Noticed Menkaure
   219 | D        | Killed Menkaure
   220 | D        | Reached skill level 10 in Axes
   220 | D        | Reached XP level 6. HP: 38/61 MP: 5/5
   323 | D        | Noticed a wyvern
   323 | D        | Noticed a wyvern
   325 | D        | Killed a wyvern
   326 | D        | Reached skill level 11 in Axes
   332 | D        | Killed a wyvern
   333 | D        | Reached skill level 12 in Axes
   333 | D        | Reached XP level 7. HP: 70/70 MP: 6/6
   513 | D        | Noticed a merfolk siren
   526 | D        | Killed a merfolk siren
   526 | D        | Reached **** piety under Trog
   527 | D        | Reached skill level 13 in Axes
   689 | D        | Found Qyarali's Magic Scroll Shop.
   689 | D        | Found Mimnoa's Distillery.
   689 | D        | Found Vuwoz's Weapon Boutique.
   689 | D        | Found Geteir's Antique Armour Shop.
   690 | D        | Found Nos Tate's Armour Shop.
   690 | D        | Found Tacov's Book Boutique.
   690 | D        | Found Veyxzoz's Antique Weapon Shop.
   690 | D        | Found Esytedul's Armour Boutique.
   691 | D        | Found Mihet's Distillery.
   691 | D        | Noticed a manticore
   692 | D        | Found Yczaorhi's Armour Shop.
   692 | D        | Found Davvij's Jewellery Boutique.
   692 | D        | Noticed a manticore
   731 | D        | Found Yghewan's Assorted Antiques.
   731 | D        | Found Tikkoamm's Antique Armour Shop.
   731 | D        | Noticed a manticore
   731 | D        | Noticed an oklob plant
   736 | D        | Noticed a blink frog
   793 | D        | Killed a blink frog
   794 | D        | Reached skill level 10 in Fighting
   794 | D        | Reached XP level 8. HP: 79/79 MP: 7/7
   807 | D        | Reached skill level 14 in Axes
   807 | D        | Reached skill level 10 in Armour
   809 | D        | Found Suaho's Book Shoppe.
   809 | D        | Found Xuhiroar's Jewellery Boutique.
   889 | D        | Bought a ring of poison resistance for 260 gold pieces
   894 | D        | Bought a scroll of blinking for 90 gold pieces
   897 | D        | Bought a +0 pair of gloves for 49 gold pieces
   898 | D        | Bought a +0 pair of boots for 45 gold pieces
   912 | D        | Bought a potion of heal wounds for 50 gold pieces
   924 | D        | Bought a potion of heal wounds for 60 gold pieces
   924 | D        | Bought a potion of curing for 36 gold pieces
   956 | D        | Found an iron altar of Okawaru.
   956 | D        | Found an opulent altar of Gozag.
   957 | D        | Found a sparkling altar of Nemelex Xobeh.
   957 | D        | Found a blossoming altar of Fedhas.
   958 | D        | Found a radiant altar of Vehumet.
   958 | D        | Found a burning altar of Makhleb.
   958 | D        | Found a white marble altar of Elyvilon.
   967 | D        | Found a hide-covered altar of Uskayaw.
   967 | D        | Found a corrupted altar of Lugonu.
   967 | D        | Found a shadowy altar of Dithmenos.
   969 | D        | Found a glowing silver altar of Zin.
   969 | D        | Found a bloodstained altar of Trog.
   969 | D        | Found an ancient bone altar of Kikubaaqudgha.
   970 | D        | Found a basalt altar of Yredelemnul.
   970 | D        | Found a shimmering blue altar of Sif Muna.
   970 | D        | Found a viscous altar of Jiyva.
   971 | D        | Found a shimmering altar of Xom.
   971 | D        | Found a sacrificial altar of Ru.
   972 | D        | Found a glowing golden altar of the Shining One.
   972 | D        | Found an ornate altar of the Wu Jian Council.
   972 | D        | Found a stormy altar of Qazlal.
   972 | D        | Noticed a polar bear
   972 | D        | Noticed a polar bear
   973 | D        | Found a snail-covered altar of Cheibriados.
   973 | D        | Found a hazy altar of Hepliaklqana.
   973 | D        | Noticed a hornet
   974 | D        | Noticed a yaktaur
   974 | D        | Noticed a polar bear
   988 | D        | Killed a hornet
   992 | D        | Killed a yaktaur
   998 | D        | Killed a polar bear
   999 | D        | Reached skill level 15 in Axes
   999 | D        | Reached skill level 10 in Dodging
   999 | D        | Killed a polar bear
  1000 | D        | Reached XP level 9. HP: 89/89 MP: 8/8
  1003 | D        | Killed a polar bear
  1003 | D        | Reached ***** piety under Trog
  1004 | D        | Reached skill level 16 in Axes
  1060 | D        | Noticed a kraken
  1071 | D        | Received a gift from Trog
  1255 | D        | Found the +10 morningstar "Eos" {elec, Halo rElec}
  1498 | D        | Killed a kraken
  1499 | D        | Reached skill level 17 in Axes
  1769 | D        | Noticed an orange crystal statue
  1788 | D        | Noticed a deep troll
  1788 | D        | Noticed a deep troll
  1807 | D        | Killed a deep troll
  1808 | D        | Reached XP level 10. HP: 101/101 MP: 9/9
  1815 | D        | Killed a deep troll
  1816 | D        | Reached skill level 18 in Axes
  2051 | D        | Noticed a sphinx
  2051 | D        | Noticed a sphinx
  2051 | D        | Paralysed by a sphinx for 2 turns
  2058 | D        | Killed a sphinx
  2078 | D        | Killed a sphinx
  2079 | D        | Reached skill level 19 in Axes
  2422 | D        | Bought a potion of resistance for 120 gold pieces
  2422 | D        | Bought a potion of haste for 120 gold pieces
  2422 | D        | Bought a potion of flight for 36 gold pieces
  2422 | D        | Bought a potion of cancellation for 96 gold pieces
  2430 | D        | Bought a potion of flight for 30 gold pieces
  2432 | D        | Bought a scroll of identify for 24 gold pieces
  2432 | D        | Bought a scroll of identify for 24 gold pieces
  2432 | D        | Bought a scroll of poison for 48 gold pieces
  2432 | D        | Bought a scroll of identify for 24 gold pieces
  2436 | D        | Bought a scroll of magic mapping for 90 gold pieces
  2450 | D        | Bought a bronze wand for 132 gold pieces
  2450 | D        | Bought a scroll labelled MURUTOG JOITI for 33 gold pieces
  2450 | D        | Bought a scroll of identify for 66 gold pieces
  2489 | D        | Noticed a death drake
  2489 | D        | Noticed a crystal guardian
  2489 | D        | Noticed a death drake
  2507 | D        | Killed a crystal guardian
  2507 | D        | Identified the +5 battleaxe of the Hills {vorpal, rF+}
                  | (Trog gifted it to you in the Dungeon)
  2507 | D        | Received a gift from Trog
  2518 | D        | Killed a death drake
  2519 | D        | Reached skill level 20 in Axes
  2519 | D        | Reached XP level 11. HP: 75/111 MP: 10/10
  2793 | D        | Killed a death drake
  2794 | D        | Reached skill level 15 in Fighting
  3012 | D        | Noticed a deep elf master archer
  3086 | D        | Noticed an ice dragon
  3092 | D        | Killed an ice dragon
  3093 | D        | Reached skill level 15 in Armour
  3334 | D        | HP: 3/113 [deep elf master archer/arrow (19)]
  3334 | D        | Shot with an arrow by a deep elf master archer

Illustrated notes

Levels and vault maps discovered:
D:        the_violet_keep_of_menkaure [sprint2_stairs_cluster_1,
          sprint2_shoproom, sprint2_temple, sprint2_basic_supplies,
          sprint2_obstacle_7, sprint2_obstacle_4, sprint2_obstacle_2,
          sprint2_obstacle_5, sprint2_obstacle_6, sprint2_timed_cluster_1,
          sprint2_smallroom_cluster_1, sprint2_smallroom_final_cluster_1,
          sprint2_transparent_cluster_1, sprint2_second_timed_cluster_1,
          sprint2_sniper_area_1, sprint2_heavy_combat_area_1,
          sprint2_mutation_trap_area_1, sprint2_forest_area_1,
          sprint2_light_combat_area_1, sprint2_behind_water_1,
          sprint2_near_end_vault_1]

Skill      XL: |  1  2  3  4  5  6  7  8  9 10 11 |
---------------+----------------------------------+-----
Fighting       | 4 5 7 9 10 11 13 14 15 | 15.4
Axes           | 4 7 9 10 12 13 15 17 20 | 20.8
Armour         | 3 4 6 7 8 9 11 12 14 15 | 15.2
Dodging        | 3 4 5 6 7 9 10 11 13 14 | 14.0

Action                   |  1- 3 |  4- 6 |  7- 9 | 10-12 || total
-------------------------+-------+-------+-------+-------++-------
Melee: Hand axe          |    10 |    22 |    95 |    43 ||   170
       Headbutt          |     1 |     2 |    14 |    16 ||    33
       Punch             |       |       |     1 |     2 ||     3
       Battleaxe         |       |       |       |    20 ||    20
Invok: Berserk           |     2 |     1 |     5 |     5 ||    13
       Trog's Hand       |       |     1 |     4 |       ||     5
       Brothers in Arms  |       |       |       |     1 ||     1
  Use: Potion            |       |       |     1 |     2 ||     3
       Scroll            |       |       |     1 |     6 ||     7
Armor: Animal skin       |       |     3 |    13 |       ||    16
       Plate armour      |       |       |    12 |    55 ||    67
Dodge: Dodged            |     4 |     2 |    50 |    23 ||    79
